 Dungeon Crawl Stone Soup version 0.27-a0-1188-g73eefd5def (webtiles) character file.

Game seed: 10159467526769359224

290 pistachioham the Conjurer (level 6, 0/34 HPs)
             Began as a Deep Elf Conjurer on May 21, 2021.
             Slain by a gnoll
             ... wielding a +0 halberd
              (9 damage)
             ... on level 4 of the Dungeon.
             The game lasted 00:15:12 (4573 turns).

pistachioham the Conjurer (Deep Elf Conjurer)       Turns: 4573, Time: 00:15:12

Health: 0/34       AC:  3    Str:  6    XL:     6   Next: 9%
Magic:  9/14       EV: 12    Int: 23    God:
Gold:   179        SH:  0    Dex: 13    Spells: 3/13 levels left

rFire    + . .     SeeInvis .   e - +2 whip (venom)
rCold    . . .     Faith    .   (no shield)
rNeg     . . .     Spirit   .   a - +0 robe
rPois    .         Reflect  .   m - +0 helmet
rElec    .         Harm     .   (no cloak)
rCorr    .         Rampage  .   (no gloves)
Will     .....                  (no boots)
Stlth    ++........             (no amulet)
HPRegen  0.11/turn              s - ring of protection from fire
MPRegen  0.14/turn              (no ring)

@: no status effects
A: no striking features
a: no special abilities


You were on level 4 of the Dungeon.
You visited 1 branch of the dungeon, and saw 5 of its levels.

You collected 179 gold pieces.

Inventory:

Hand Weapons
 d - a +0 whip
 e - a +2 whip of venom (weapon)
 l - a +0 dagger
Armour
 a - a +0 robe (worn)
 m - a +0 helmet (worn)
Jewellery
 s - a ring of protection from fire (left hand)
Scrolls
 b - a scroll of torment {unknown}
 f - a scroll of teleportation {unknown}
 i - a scroll of noise {unknown}
 j - 3 scrolls of identify {unknown}
 k - 2 scrolls of vulnerability {unknown}
 n - a scroll of amnesia {unknown}
 o - a scroll of fear {unknown}
 r - a scroll of magic mapping {unknown}
Potions
 c - a potion of curing {unknown}
 g - a potion of heal wounds {unknown}
 h - 2 potions of lignification {unknown}
 p - a potion of cancellation {unknown}
 q - a potion of flight {unknown}
 t - a potion of haste {unknown}


   Skills:
 + Level 1.0 Fighting
 + Level 1.1 Maces & Flails
 + Level 3.0 Dodging
 + Level 4.0 Stealth
 + Level 4.4 Spellcasting
 + Level 6.2 Conjurations


You had 3 spell levels left.
You knew the following spells:

 Your Spells              Type           Power      Damage    Failure   Level
a - Magic Dart            Conj           100%       1d8       1%          1
b - Searing Ray           Conj           66%        3d5       1%          2
c - Dazzling Flash        Conj/Hex       38%        N/A       9%          3
d - Fulminant Prism       Conj/Hex       9%         3d7       28%         4

Your spell library contained the following spells:

 Spells                   Type           Power      Damage    Failure   Level
 Stone Arrow              Conj/Erth      38%        3d9       9%          3
 Sandblast                Erth           10%        2d5       10%         1
 Passwall                 Tmut/Erth      4%         N/A       16%         2
 Confusing Touch          Hex            5%         N/A       30%         3
 Gell's Gravitas          Tloc           2%         N/A       30%         3
 Iskenderun's Mystic Bla  Conj/Tloc      19%        2d6       28%         4
 Petrify                  Tmut/Erth      5%         N/A       69%         4
 Lee's Rapid Deconstruct  Erth           2%         3d6*      95%         5
 Metabolic Englaciation   Hex/Ice        2%         N/A       95%         5
 Yara's Violent Unravell  Hex/Tmut       2%         3d3       95%         5


Dungeon Overview and Level Annotations

Branches:
Dungeon (5/15)
 Temple: D:4-7

Altars:
Zin

Shops:
D:2 [


Message History

There is a stone staircase leading up here.
You climb upwards.
A phantom comes into view.
The gnoll misses you. The gnoll hits you with a +0 whip.
The gnoll hits you with a +0 flail.
There is a stone staircase leading down, spattered with blood here.
Casting: Searing Ray (safe; 1% risk of failure)
Confirm with . or Enter, or press ? or * to list all spells.
The gnoll is dazzled. x2
The gnoll shaman hits you with a +0 whip.
The gnoll misses you. x2
The gnoll shaman misses you.
The gnoll shaman calls upon its god to speed up the gnoll.
The gnoll seems to speed up.
The phantom hits you!
The phantom blinks!
You blink.
The gnoll is no longer blind. x2
The gnoll shaman calls upon its god to speed up the gnoll.
The gnoll seems to speed up.
The gnoll misses you. The gnoll hits you with a +0 flail.
* * * LOW HITPOINT WARNING * * *
Casting: Dazzling Flash (dangerous; 9% risk of failure)
Confirm with . or Enter, or press ? or * to list all spells.
Aiming: Searing Ray (safe; 1% risk of failure)
Press: ? - help, Shift-Dir - straight line, f - gnoll
Aim: a gnoll, wielding a +0 flail (fast, 83% to hit)
The searing ray hits the gnoll.
The gnoll is moderately wounded.
The searing ray hits the gnoll shaman.
The gnoll shaman is moderately wounded.
The searing ray misses the phantom. (Press . to maintain the ray.)
The searing ray hits the gnoll shaman.
The gnoll shaman is heavily wounded.
The searing ray hits the gnoll!
You kill the gnoll!
The searing ray hits the phantom!
The phantom is moderately damaged.
The gnoll hits you from afar with a +0 halberd!
You die...

####...#. .##.### ######.
..... #. ......... ####.
....... #..##
............... #..##
.......##g##..# ###.##
.......##.##..#######..†..
.......##@##.......##...##
......##g##.#####.##..##.
......##g##.#####.....#..
#...W...##..........#
#.....g.##...........
#.......##.........#.
#.......##.........#.
#...>...##.........#.
#.......##.........#.


You could see a phantom, a gnoll shaman and 2 gnolls.

Vanquished Creatures
  A scorpion (D:4)
  An orc priest (D:3)
  An iguana (D:3)
  Robin (D:3)
  6 gnolls
  3 adders
  A worm (D:4)
  A dart slug (D:1)
  7 orcs
  7 ball pythons
  4 endoplasms
  A giant cockroach (D:3)
  12 goblins
  3 hobgoblins
  5 jackals (D:2)
  5 kobolds
  4 quokkas
  6 bats
  A frilled lizard (D:2)
  3 rats
73 creatures vanquished.

Vanquished Creatures (others)
  2 fulminant prisms (D:4)
2 creatures vanquished.

Grand Total: 75 creatures vanquished

Notes
Turn   | Place    | Note
-------+----------+-------------------------------------------
     0 | D:1      | pistachioham the Deep Elf Conjurer began the quest for the
                  | Orb.
     0 | D:1      | Reached XP level 1. HP: 10/10 MP: 6/6
   456 | D:1      | Reached XP level 2. HP: 13/15 MP: 0/8
   460 | D:1      | Learned a level 2 spell: Searing Ray
   581 | D:1      | Found a faded altar of an unknown god.
   650 | D:1      | Reached skill level 5 in Conjurations
   895 | D:2      | Found Semuor's Armour Shop.
  1344 | D:2      | Reached XP level 3. HP: 6/19 MP: 9/9
  2184 | D:3      | Noticed Robin
  2188 | D:3      | Killed Robin
  2206 | D:3      | Reached XP level 4. HP: 24/24 MP: 1/10
  2411 | D:2      | Learned a level 3 spell: Dazzling Flash
  3048 | D:3      | Reached XP level 5. HP: 28/28 MP: 6/12
  3053 | D:3      | Learned a level 4 spell: Fulminant Prism
  3369 | D:3      | Reached skill level 6 in Conjurations
  3938 | D:4      | Found a glowing silver altar of Zin.
  3965 | D:4      | Reached skill level 1 in Maces & Flails
  4056 | D:4      | Reached skill level 1 in Fighting
  4056 | D:4      | Reached XP level 6. HP: 14/34 MP: 8/14
  4501 | D:5      | Entered Level 5 of the Dungeon
  4573 | D:4      | Slain by a gnoll

Illustrated notes

Levels and vault maps discovered:
D:1:      shiori_shiawase, layout_basic, shapermc_ecumenical_altar_venn
D:2:      layout_loops_ring, serial_shops, shop
D:3:      layout_loops_cross, uniq_robin
D:4:      layout_rooms, zin_treasury, grunt_ministairs_10,
          kennysheep_generic_room_4
D:5:      layout_rooms, temple_doors_e, serial_shops, nicolae_shop_crystal,
          uniq_pikel

Skill      XL: |  1  2  3  4  5 |
---------------+----------------+-----
Conjurations   | 5 6 |  6.2
Stealth        | 3 4 |  4.0
Spellcasting   | 4 |  4.4
Maces & Flails | 1 |  1.1
Fighting       | 1 |  1.0
Dodging        | 3 |  3.0

Action                   |  1- 3 |  4- 6 || total
-------------------------+-------+-------++-------
Melee: Unarmed           |     1 |       ||     1
       Whip              |    20 |    11 ||    31
 Cast: Magic Dart        |    20 |     7 ||    27
       Searing Ray       |    12 |    25 ||    37
       Fulminant Prism   |       |     2 ||     2
       Dazzling Flash    |       |     1 ||     1
 Stab: Sleeping          |     4 |     1 ||     5
Armor: Robe              |     4 |     3 ||     7
Dodge: Dodged            |    19 |    14 ||    33

Table legend: (Time is in decaauts)
 A = Elapsed time spent in this place.
 B = Non-inter-level travel time spent in this place.
 C = Inter-level travel time spent in this place.
 D = Time resting spent in this place.
 E = Time spent auto-exploring this place.
 F = Levels seen in this place.
 G = Mean time per level.
                   A        B        C        D        E       F      G
               +--------+--------+--------+--------+--------+-----+--------+
         Total |   4578 |   4498 |     80 |   1426 |   2303 |   5 |  915.6 |
       Dungeon |   4578 |   4498 |     80 |   1426 |   2303 |   5 |  915.6 |
               +--------+--------+--------+--------+--------+-----+--------+

Top non-repeatable levels by time:
     D:3: 1505 daAuts
     D:2: 1419 daAuts
     D:1: 894 daAuts
     D:4: 698 daAuts
     D:5: 59 daAuts
